 Dungeon Crawl Stone Soup version 0.29-a0-283-ga02f740833 (webtiles) character file.

Game seed: 198234595450909091

1771 PaleWalker the Twirler (level 9, -6/66 HPs)
             Began as a Gnoll Wanderer on Mar 13, 2022.
             Was a Priest of Fedhas.
             Mangled by Maggie
             ... wielding a +1 morningstar of flaming
              (12 damage)
             ... on level 7 of the Dungeon.
             The game lasted 00:17:57 (6601 turns).

PaleWalker the Twirler (Gnoll Wanderer)             Turns: 6601, Time: 00:17:58

Health: -6/66      AC:  8    Str: 12    XL:     9   Next: 7%
Magic:  14/14      EV: 17    Int: 11    God:    Fedhas [***...]
Gold:   205        SH:  0    Dex: 16    Spells: 11/15 levels left

rFire   . . .      SeeInvis +   s - +2 short sword (speed)
rCold   . . .      Faith    .   (no shield)
rNeg    . . .      Spirit   .   g - +0 leather armour
rPois   .          Reflect  .   (no helmet)
rElec   .          Harm     .   y - scarf {repulsion}
rCorr   .          Rampage  .   c - +0 pair of gloves
Will    .....                   D - +2 pair of boots
Stlth   +++.......              (no amulet)
HPRegen 0.21/turn               p - ring of see invisible
MPRegen 0.14/turn               v - +4 ring of evasion

@: mesmerised, repel missiles
A: fangs 1, strong nose, distributed training
a: Renounce Religion, Wall of Briars, Grow Ballistomycete


You were on level 7 of the Dungeon.
You worshipped Fedhas.
Fedhas was most pleased with you.
You visited 1 branch of the dungeon, and saw 7 of its levels.

You collected 361 gold pieces.
You spent 156 gold pieces at shops.

Inventory:

Hand Weapons
 a - a +2 quarterstaff
 s - a +2 short sword of speed (weapon)
Missiles
 e - 3 poisoned darts (quivered)
 j - 2 silver boomerangs
 x - a curare-tipped dart
Armour
 c - a +0 pair of gloves (worn)
 g - a +0 leather armour (worn)
 y - a scarf of repulsion (worn)
 D - a +2 pair of boots (worn)
Jewellery
 p - a ring of see invisible (left hand)
 v - a +4 ring of evasion (right hand)
Wands
 t - a wand of mindburst (10)
 A - a wand of flame (17)
 B - a wand of acid (9)
Scrolls
 f - 4 scrolls of fog
 h - a scroll of blinking
 l - a scroll of torment {unknown}
 m - a scroll of acquirement {unknown}
 n - a scroll of noise
 u - a scroll of silence {unknown}
 z - a scroll of vulnerability {unknown}
 C - a scroll of fear {unknown}
Potions
 b - a potion of cancellation
 d - 2 potions of curing
 i - 2 potions of magic {unknown}
 k - a potion of heal wounds
 o - a potion of berserk rage
 q - a potion of brilliance {unknown}
 r - 3 potions of attraction
 w - a potion of invisibility {unknown}


   Skills:
 + Level 4.7 Fighting
 + Level 3.9 Short Blades
 + Level 6.1 Long Blades
 + Level 3.9 Axes
 + Level 3.9 Maces & Flails
 + Level 3.9 Polearms
 + Level 7.7 Staves
 + Level 3.9 Slings
 + Level 3.9 Bows
 + Level 3.9 Crossbows
 + Level 3.9 Throwing
 + Level 4.7 Armour
 + Level 3.9 Dodging
 + Level 5.8 Stealth
 + Level 3.9 Shields
 + Level 3.9 Unarmed Combat
 + Level 3.9 Spellcasting
 + Level 3.2 Conjurations
 + Level 3.2 Hexes
 + Level 3.2 Summonings
 + Level 3.2 Necromancy
 + Level 3.2 Translocations
 + Level 3.2 Transmutations
 + Level 3.2 Fire Magic
 + Level 3.2 Ice Magic
 + Level 3.2 Air Magic
 + Level 3.2 Earth Magic
 + Level 3.2 Poison Magic
 + Level 4.2 Invocations
 + Level 4.7 Evocations


You had 11 spell levels left.
You knew the following spells:

 Your Spells              Type           Power      Damage    Failure   Level
a - Summon Small Mammal   Summ           36%        N/A       9%          1
b - Ensorcelled Hibernat  Hex/Ice        18%        N/A       12%         2
c - Apportation           Tloc           18%        N/A       9%          1

Your spell library contained the following spells:

 Spells                   Type           Power      Damage    Failure   Level
 Animate Skeleton         Necr           18%        N/A       9%          1
 Sublimation of Blood     Necr           9%         N/A       12%         2
 Call Canine Familiar     Summ           9%         N/A       24%         3
 Confusing Touch          Hex            9%         N/A       24%         3
 Gell's Gravitas          Tloc           9%         N/A       24%         3
 Ozocubu's Armour         Ice            9%         N/A       24%         3
 Spider Form              Tmut/Pois      9%         N/A       24%         3
 Summon Guardian Golem    Hex/Summ       9%         N/A       24%         3
 Teleport Other           Tloc           9%         N/A       24%         3
 Anguish                  Hex/Necr       4%         N/A       63%         4
 Petrify                  Tmut/Erth      9%         N/A       63%         4
 Irradiate                Conj/Tmut      4%         3d15      92%         5
 Yara's Violent Unravell  Hex/Tmut       4%         3d4       92%         5
 Dispersal                Tloc           4%         N/A       100%        6
 Enfeeble                 Hex            4%         N/A       100%        7
 Ozocubu's Refrigeration  Ice            4%         4d5       100%        7


Dungeon Overview and Level Annotations

Branches:
Dungeon (7/15)             Temple (0/1) D:6

Altars:
Fedhas

Shops:
D:3 (   D:5 *

Annotations:
D:7 Maggie


Innate Abilities, Weirdness & Mutations

You have very sharp teeth.
Your uncanny sense of smell can sniff out nearby items.
Your experience applies equally to all skills.


Message History

You hit Maggie.
Maggie is severely wounded.
Maggie barely misses you.
You hit Maggie but do no damage.
Maggie is severely wounded.
You hit Maggie but do no damage.
Maggie is severely wounded.
Maggie casts a spell at you. The bolt of fire hits you!
You hit Maggie but do no damage.
Maggie is severely wounded.
Maggie drinks a potion.
Maggie seems to grow stronger.
You closely miss Maggie. You bite Maggie.
Maggie is severely wounded.
You hit Maggie.
Maggie is almost dead.
Maggie hits you with a +1 morningstar of flaming!!
Maggie burns you.
You are too injured to fight recklessly!
You are too injured to fight recklessly!
Unknown command.
You are too injured to fight recklessly!
You puncture Maggie!
Maggie is almost dead.
You hit Maggie but do no damage.
Maggie is almost dead.
Maggie gestures wildly while chanting.
Maggie draws you further into her thrall.
You hit Maggie.
Maggie is almost dead.
Maggie casts a spell at you. The bolt of fire hits you!!
* * * LOW HITPOINT WARNING * * *
You hit Maggie but do no damage.
Maggie is almost dead.
You hit Maggie but do no damage.
Maggie is almost dead.
Maggie hits you with a +1 morningstar of flaming!
You die...
Fedhas appreciates your contribution to the ecosystem.

#.###.#.....#
##...###...###.
∆#.....#.###.#.
..#...#...# .#
. #####...# .#
#...# (.#
#.....#.###.#
##...###...##
#.###∆#..@..# .
#...#..@#...#
#...##### ..#
#.. # ##. . ##
∆


You could see Maggie (mesmerising, strong).

Vanquished Creatures
  A water moccasin (D:5)
  A sky beast (D:7)
  An orc warrior (D:6)
  A black bear (D:5)
  3 centaurs
  A phantom (D:6)
  Blork the orc (D:6)
  A kobold brigand (D:4)
  A necrophage (D:5)
  4 scorpions
  7 hounds
  A jelly (D:6)
  2 iguanas (D:5)
  3 orc priests
  11 gnolls
  9 adders
  2 ufetubi
  2 worms
  A dart slug (D:2)
  12 orcs
  7 endoplasms
  6 giant cockroaches
  9 goblins
  3 hobgoblins
  4 quokkas
  5 ball pythons
  3 bats
  4 frilled lizards
  4 kobolds
  2 rats (D:1)
112 creatures vanquished.

Notes
Turn   | Place    | Note
-------+----------+-------------------------------------------
     0 | D:1      | PaleWalker the Gnoll Wanderer began the quest for the Orb.
     0 | D:1      | PaleWalker set off with the following items: a +2
                  | quarterstaff, a +0 falchion, a +0 pair of gloves, a potion
                  | of curing, a +0 leather armour
     0 | D:1      | Reached XP level 1. HP: 17/17 MP: 1/1
    86 | D:1      | Reached XP level 2. HP: 23/23 MP: 2/2
   207 | D:1      | Found a faded altar of an unknown god.
   221 | D:1      | Prayed at the altar of an unknown god.
   221 | D:1      | Became a worshipper of Fedhas Madash
   221 | D:1      | Reached * piety under Fedhas
   437 | D:1      | Reached XP level 3. HP: 8/28 MP: 3/3
   676 | D:1      | Reached skill level 1 in Short Blades
   676 | D:1      | Reached skill level 1 in Axes
   676 | D:1      | Reached skill level 1 in Maces & Flails
   676 | D:1      | Reached skill level 1 in Polearms
   676 | D:1      | Reached skill level 1 in Slings
   676 | D:1      | Reached skill level 1 in Bows
   676 | D:1      | Reached skill level 1 in Crossbows
   676 | D:1      | Reached skill level 1 in Throwing
   676 | D:1      | Reached skill level 1 in Dodging
   676 | D:1      | Reached skill level 1 in Shields
   676 | D:1      | Reached skill level 1 in Unarmed Combat
   676 | D:1      | Reached skill level 1 in Spellcasting
   676 | D:1      | Reached skill level 1 in Invocations
   676 | D:1      | Reached XP level 4. HP: 29/34 MP: 3/5
  1042 | D:2      | Reached skill level 1 in Conjurations
  1042 | D:2      | Reached skill level 1 in Hexes
  1042 | D:2      | Reached skill level 1 in Summonings
  1042 | D:2      | Reached skill level 1 in Necromancy
  1042 | D:2      | Reached skill level 1 in Translocations
  1042 | D:2      | Reached skill level 1 in Transmutations
  1042 | D:2      | Reached skill level 1 in Fire Magic
  1042 | D:2      | Reached skill level 1 in Ice Magic
  1042 | D:2      | Reached skill level 1 in Air Magic
  1042 | D:2      | Reached skill level 1 in Earth Magic
  1042 | D:2      | Reached skill level 1 in Poison Magic
  1606 | D:2      | Reached XP level 5. HP: 40/40 MP: 6/6
  1741 | D:3      | Found Beonanuz's Antique Weapon Emporium.
  1746 | D:3      | Reached ** piety under Fedhas
  2611 | D:4      | Noticed a kobold brigand
  2624 | D:4      | Killed a kobold brigand
  2625 | D:4      | Reached XP level 6. HP: 5/47 MP: 8/8
  2988 | D:4      | Reached skill level 5 in Long Blades
  3718 | D:4      | Reached skill level 7 in Staves
  3718 | D:4      | Reached XP level 7. HP: 52/52 MP: 10/10
  3918 | D:5      | Entered Level 5 of the Dungeon
  3969 | D:5      | Found Moetruoss's Neck Hole.
  3975 | D:5      | Bought a scarf of repulsion for 156 gold pieces
  4019 | D:5      | Reached skill level 5 in Stealth
  4255 | D:5      | Reached *** piety under Fedhas
  4372 | D:5      | Reached XP level 8. HP: 60/60 MP: 12/12
  5376 | D:6      | Learned a level 1 spell: Summon Small Mammal
  5379 | D:6      | Learned a level 2 spell: Ensorcelled Hibernation
  5381 | D:6      | Learned a level 1 spell: Apportation
  5642 | D:6      | HP: 2/60 [acid (5)]
  6018 | D:6      | Found a staircase to the Ecumenical Temple.
  6029 | D:6      | Noticed Blork the orc
  6038 | D:6      | Killed Blork the orc
  6445 | D:6      | Reached XP level 9. HP: 61/66 MP: 14/14
  6578 | D:7      | Noticed Maggie
  6601 | D:7      | Mangled by Maggie

Illustrated notes

Levels and vault maps discovered:
D:1:      tarquinn_simple_flora_water_c, layout_rooms, basic_ecumenical_altar,
          nrook_campfire
D:2:      layout_rooms, kennysheep_generic_room_11
D:3:      layout_rooms, serial_shops, nicolae_shop_competitors_out_of_business
D:4:      layout_loops_cross, gup_sewer_entry_bowl, nrook_uturn
D:5:      layout_basic, nicolae_shop_sticking_my_neck_out
D:6:      layout_rooms, minmay_temple_entry_statues, uniq_blork_the_orc
D:7:      nicolae_cairo_tiling, layout_loops_ring, minmay_fractal_squares_5,
          uniq_maggie, uniq_joseph

Skill      XL: |  1  2  3  4  5  6  7  8 |
---------------+-------------------------+-----
Short Blades   | 1 2 3 |  3.9
Axes           | 1 2 3 |  3.9
Maces & Flails | 1 2 3 |  3.9
Polearms       | 1 2 3 |  3.9
Slings         | 1 2 3 |  3.9
Bows           | 1 2 3 |  3.9
Crossbows      | 1 2 3 |  3.9
Throwing       | 1 2 3 |  3.9
Dodging        | 1 2 3 |  3.9
Shields        | 1 2 3 |  3.9
Unarmed Combat | 1 2 3 |  3.9
Spellcasting   | 1 2 3 |  3.9
Invocations    | 1 2 3 4 |  4.2
Conjurations   | 1 2 3 |  3.2
Hexes          | 1 2 3 |  3.2
Summonings     | 1 2 3 |  3.2
Necromancy     | 1 2 3 |  3.2
Translocations | 1 2 3 |  3.2
Transmutations | 1 2 3 |  3.2
Fire Magic     | 1 2 3 |  3.2
Ice Magic      | 1 2 3 |  3.2
Air Magic      | 1 2 3 |  3.2
Earth Magic    | 1 2 3 |  3.2
Poison Magic   | 1 2 3 |  3.2
Fighting       | 3 4 |  4.7
Armour         | 3 4 |  4.7
Evocations     | 3 4 |  4.7
Long Blades    | 5 6 |  6.1
Staves         | 7 |  7.7
Stealth        | 5 |  5.8

Action                   |  1- 3 |  4- 6 |  7- 9 || total
-------------------------+-------+-------+-------++-------
Melee: Quarterstaff      |    35 |    62 |       ||    97
       Bite              |     3 |    17 |    41 ||    61
       Short sword       |       |   115 |   288 ||   403
       Punch             |       |     1 |     9 ||    10
Throw: Dart              |       |     9 |    65 ||    74
       Boomerang         |       |       |     1 ||     1
 Cast: Summon Small Mamm |       |       |     3 ||     3
  Use: Scroll            |       |       |     8 ||     8
 Stab: Sleeping          |     1 |     2 |     2 ||     5
Armor: Leather armour    |     4 |       |    15 ||    19
       Scale mail        |    13 |    60 |    35 ||   108
Dodge: Dodged            |    13 |    92 |   168 ||   273
       Repelled          |       |       |     1 ||     1

Table legend: (Time is in decaauts)
 A = Elapsed time spent in this place.
 B = Non-inter-level travel time spent in this place.
 C = Inter-level travel time spent in this place.
 D = Time resting spent in this place.
 E = Time spent auto-exploring this place.
 F = Levels seen in this place.
 G = Mean time per level.
                   A        B        C        D        E       F      G
               +--------+--------+--------+--------+--------+-----+--------+
         Total |   6458 |   6275 |    183 |    817 |   4187 |   7 |  922.6 |
       Dungeon |   6458 |   6275 |    183 |    817 |   4187 |   7 |  922.6 |
               +--------+--------+--------+--------+--------+-----+--------+

Top non-repeatable levels by time:
     D:4: 1430 daAuts
     D:5: 1308 daAuts
     D:6: 1176 daAuts
     D:2: 867 daAuts
     D:1: 830 daAuts
     D:3: 757 daAuts
     D:7: 88 daAuts
